 Dungeon Crawl Stone Soup version 0.19-a0-1821-g42c593c (webtiles) character file.

1263 FrankyJ the Magician (level 8, -4/36 HPs)
             Began as a Vine Stalker Conjurer on Oct 6, 2016.
             Was an Initiate of Vehumet.
             Killed from afar by an electric eel (6 damage)
             ... with a bolt of electricity
             ... on level 5 of the Dungeon.
             The game lasted 00:30:23 (8105 turns).

FrankyJ the Magician (Vine Stalker Conjurer)        Turns: 8105, Time: 00:30:24

Health: -4/36      AC:  7    Str: 12    XL:     8   Next: 52%
Magic:  0/17       EV: 15    Int: 17    God:    Vehumet [......]
Gold:   268        SH:  0    Dex: 14    Spells: 4 memorised, 6 levels left

rFire  + . .     SeeInvis .     u - +3 hand axe (venom)
rCold  x . .     Gourm    .     a - +0 robe
rNeg   . . .     Faith    .     (no shield)
rPois  .         Spirit   +     t - +2 hat
rElec  .         Dismiss  .     k - +1 cloak
rCorr  .         Reflect  .     (no gloves)
MR     ++...     Harm     .     h - +0 pair of boots
Stlth  ++........               r - amulet of rage
                                x - ring of protection from magic
                                f - ring of fire

@: no status effects
A: fangs 3, regeneration 1, magic shield, antimagic bite, no device heal 3, rot
immunity
a: Renounce Religion, Evoke Berserk Rage


You were on level 5 of the Dungeon.
You worshipped Vehumet.
Vehumet was noncommittal.
You were not hungry.

You visited 2 branches of the dungeon, and saw 6 of its levels.

You collected 268 gold pieces.

Inventory:

Hand Weapons
 u - a +3 hand axe of venom (weapon)
Missiles
 q - 7 tomahawks (quivered)
 F - 8 poisoned needles
Armour
 a - a +0 robe (worn)
 h - a +0 pair of boots (worn)
 k - a +1 cloak (worn)
 t - a +2 hat (worn)
Jewellery
 f - a ring of fire (left hand)
 r - an amulet of rage (around neck)
 x - a ring of protection from magic (right hand)
 A - an uncursed amulet of regeneration
 D - an uncursed amulet of magic regeneration {unknown}
Scrolls
 j - a scroll of teleportation
 m - a scroll of amnesia
 y - a scroll of brand weapon {unknown}
 B - a scroll of magic mapping
 E - 2 scrolls of identify
 G - a scroll of blinking {unknown}
 H - a scroll of remove curse
Potions
 e - 4 potions of curing
 i - 2 potions of magic
 l - a potion of cancellation
 n - a potion of lignification {unknown}
 s - a potion of mutation {unknown}
 v - a potion of invisibility {unknown}
 z - 2 potions of heal wounds {unknown}
 C - 2 potions of agility {unknown}
Books
 b - a book of Conjurations

   Spells                             Type                      Level
   a - Magic Dart                     Conjuration                  1
   b - Searing Ray                    Conjuration                  2
   c - Dazzling Spray                 Conjuration/Hexes            3
   d - Fulminant Prism                Conjuration/Hexes            4
   e - Iskenderun's Mystic Blast      Conjuration                  4
   f - Iskenderun's Battlesphere      Conjuration/Charms           5
Comestibles
 c - 2 bread rations
 d - 3 meat rations
 g - a slice of pizza
 p - a beef jerky
 w - a royal jelly


   Skills:
 - Level 5.2 Dodging
 - Level 2.4 Stealth
 + Level 5.8 Spellcasting
 + Level 4.8 Conjurations
 - Level 4.0 Hexes
 + Level 2.3 Charms


You had 6 spell levels left.
You knew the following spells:

 Your Spells              Type           Power        Failure   Level  Hunger
a - Magic Dart            Conj           ###.         1%          1    None
b - Searing Ray           Conj           ###...       2%          2    #......
c - Fulminant Prism       Conj/Hex       ###.......   24%         4    ####...
d - Iskenderun's Battles  Conj/Chrm      ###.....     82%         5    ######.


Dungeon Overview and Level Annotations

Branches:
Dungeon (5/15)             Temple (1/1) D:5

Altars:
Ashenzari
Cheibriados
Dithmenos
Elyvilon
Fedhas
Gozag
Hepliaklqana
Kikubaaqudgha
Nemelex Xobeh
Okawaru
Qazlal
Ru
Sif Muna
Uskayaw
Vehumet
Xom
Yredelemnul
Zin
The Shining One

Annotations:
D:2 Robin


Innate Abilities, Weirdness & Mutations

You have razor-sharp teeth.
Your natural rate of healing is unusually fast.
When hurt, damage is shared between your health and your magic reserves.
Your bite disrupts and absorbs the magic of your enemies.
Potions and wands cannot restore your health.
You are immune to rotting.


Message History

Aiming: Magic Dart
Press: ? - help, Shift-Dir - straight line, f/p - electric eel
Aim: an electric eel (water, moderately wounded)
The magic dart hits the electric eel.
The electric eel is severely wounded.
The electric eel shoots out a bolt of lightning at you!
The bolt of electricity misses you. The bolt of electricity hits you!
Casting: Magic Dart
Confirm with . or Enter, or press ? or * to list all spells.
Aiming: Magic Dart
Press: ? - help, Shift-Dir - straight line, f/p - electric eel
Aim: an electric eel (water, severely wounded)
The magic dart hits the electric eel.
The electric eel is severely wounded.
The electric eel shoots out a bolt of lightning at you!
The bolt of electricity hits you! x2
* * * LOW HITPOINT WARNING * * *
The electric eel shoots out a bolt of lightning at you!
The bolt of electricity hits the plant.
The bolt of electricity hits you!
You die...

##.###.# #..#######.# #.##
#.# #..........# .##
#.)############### ##
####≈≈≈≈≈...## #
##≈########≈##
#.##≈(.P..##≈#
#.#≈≈/.P...#≈# #####
#.#≈?≈P....#≈# ....#
#≈#≈;..≈..@#.#
###.###≈##≈;.P..#..######
##..##≈##########.###...##
#...#≈##≈[≈P..##≈≈##.###.#
....#≈#≈≈.P....#≈##....#.#
....#.#≈..≈....#.###.#.#.#
.#..#.#≈≈≈≈≈÷.'#.#.......#
....#'##≈.....#..#.#.....#
#.#....########.##.#.....#


You could see 2 electric eels.

Vanquished Creatures
  Sigmund (D:2)
  A sky beast (D:5)
  3 ogres (D:5)
  A scorpion (D:5)
  4 electric eels (D:5)
  3 orc priests
  A hound (D:5)
  4 orc wizards
  Terence (D:3)
  4 worker ants
  5 adders
  2 oozes
  6 worms
  A dart slug (D:1)
  3 leopard geckos (D:2)
  19 orcs
  A ball python (D:4)
  8 giant cockroaches
  9 goblins
  7 hobgoblins
  13 jackals
  5 kobolds
  6 quokkas
  A ball python zombie (D:5)
  2 bats
  6 frilled lizards
  A jackal skeleton (D:5)
  5 rats
  A plant (D:5)
124 creatures vanquished.

Notes
Turn   | Place    | Note
-------+----------+-------------------------------------------
     0 | D:1      | FrankyJ the Vine Stalker Conjurer began the quest for the Orb.
     0 | D:1      | Reached XP level 1. HP: 9/9 MP: 4/4
   648 | D:1      | Reached XP level 2. HP: 13/13 MP: 1/6
   652 | D:1      | Learned a level 2 spell: Searing Ray
  1648 | D:2      | Reached XP level 3. HP: 11/16 MP: 2/7
  2613 | D:2      | Noticed Robin
  2663 | D:2      | Gained mutation: Your natural rate of healing is unusually fast. [Vine Stalker growth]
  2663 | D:2      | Reached XP level 4. HP: 16/21 MP: 4/9
  2973 | D:2      | Noticed Sigmund
  2992 | D:2      | Killed Sigmund
  2992 | D:2      | Reached XP level 5. HP: 21/24 MP: 1/11
  2992 | D:2      | Reached XP level 6. HP: 25/28 MP: 1/12
  3336 | D:3      | Noticed Terence
  3998 | D:3      | Killed Terence
  4406 | D:3      | Reached skill level 5 in Dodging
  4566 | D:3      | Learned a level 4 spell: Fulminant Prism
  4670 | D:3      | Reached XP level 7. HP: 32/32 MP: 6/14
  5021 | D:4      | Found a sacrificial altar of Ru.
  5054 | D:4      | Reached skill level 1 in Hexes
  5154 | D:4      | Found a shadowy altar of Dithmenos.
  5596 | D:5      | Entered Level 5 of the Dungeon
  6009 | D:5      | Found a staircase to the Ecumenical Temple.
  6018 | Temple   | Entered the Ecumenical Temple
  6188 | Temple   | Became a worshipper of Vehumet
  6446 | D:5      | Found a shattered altar of Ashenzari.
  6753 | D:5      | Reached skill level 5 in Spellcasting
  6753 | D:5      | Gained mutation: You have razor-sharp teeth. [Vine Stalker growth]
  6753 | D:5      | Reached XP level 8. HP: 36/36 MP: 8/16
  6760 | D:5      | Learned a level 5 spell: Iskenderun's Battlesphere
  7227 | D:5      | Reached skill level 1 in Charms
  8105 | D:5      | Killed from afar by an electric eel

Vault maps used:
D:1:      minmay_arrival_arboretum_small
D:2:      hangedman_decor_points, uniq_sigmund, uniq_robin
D:3:      uniq_terence
D:4:      nicolae_ru_great_annihilating_truth, nicolae_dithmenos_the_darkroom,
          first_bread, minmay_tree_intersection
D:5:      cheibrodos_two_vegetables, ashenzari_altar_1, gup_sewer_entry_bowl
Temple:   eino_temple_rhombus

Skill      XL: |  1  2  3  4  5  6  7  8 |
---------------+-------------------------+-----
Dodging        | 2 3 4 5 |  5.2
Spellcasting   | 3 4 5 |  5.8
Hexes          | 4 |  4.0
Charms         | 2 |  2.3
Stealth        | |  2.4
Conjurations   | |  4.8

Action                   |  1- 3 |  4- 6 |  7- 9 || total
-------------------------+-------+-------+-------++-------
Melee: Hand axe          |    15 |     6 |    50 ||    71
       Bite              |     2 |     4 |    12 ||    18
       Scythe            |       |    20 |       ||    20
 Cast: Magic Dart        |    69 |    37 |    19 ||   125
       Searing Ray       |     7 |    26 |    32 ||    65
  Use: Potion            |     1 |       |       ||     1
       Scroll            |       |       |    12 ||    12
 Stab: Sleeping          |       |     2 |     2 ||     4
  Eat: Chunk             |     6 |     7 |    12 ||    25
Armor: Robe              |     2 |    10 |    19 ||    31
Dodge: Dodged            |    20 |    44 |    60 ||   124
